 Dungeon Crawl Stone Soup version 0.25-a0-346-g140ab784a8 (webtiles) character file.

Game seed: 3761336907386069510, levelgen mode: deterministic

1226 BritishOli the Slasher (level 8, -1/62 HPs)
             Began as a Demonspawn Gladiator on Jan 1, 2020.
             Slain by a slime creature (9 damage)
             ... on level 4 of the Dungeon.
             The game lasted 00:13:13 (5095 turns).

BritishOli the Slasher (Demonspawn Gladiator)       Turns: 5095, Time: 00:13:14

Health: -1/62      AC: 13    Str: 21    XL:     8   Next: 23%
Magic:  8/8        EV: 11    Int:  9    God:
Gold:   227        SH:  0    Dex: 14    Spells: 7/7 levels left

rFire    . . .     SeeInvis .   a - +0 long sword
rCold    + . .     Gourm    .   (no shield)
rNeg     . . .     Faith    .   x - +0 scale mail
rPois    .         Spirit   .   c - +0 helmet
rElec    .         Reflect  .   (no cloak)
rCorr    .         Harm     .   o - +1 pair of gloves {Str+3}
MR       .....                  (no boots)
Stlth    ..........             (no amulet)
HPRegen  0.20/turn              i - ring of protection from cold
MPRegen  0.11/turn              (no ring)

@: no status effects
A: talons 1, thin metallic scales 2, demonic guardian 1, powered by death 1
a: no special abilities


You were on level 4 of the Dungeon.
You were not hungry.

You visited 1 branch of the dungeon, and saw 5 of its levels.
You also visited: Sewer.

You collected 227 gold pieces.

Inventory:

Hand Weapons
 a - a +0 long sword (weapon)
Missiles
 d - 3 throwing nets (quivered)
Armour
 b - a +0 leather armour
 c - a +0 helmet (worn)
 o - a +1 pair of gloves of strength (worn)
 x - a +0 scale mail (worn)
Jewellery
 i - a ring of protection from cold (left hand)
Scrolls
 e - 3 scrolls of remove curse
 h - a scroll of enchant armour {unknown}
 j - a scroll of blinking {unknown}
 p - 4 scrolls of teleportation {unknown}
 s - a scroll of fear {unknown}
 t - 2 scrolls of amnesia {unknown}
 v - a scroll of noise {unknown}
 w - a scroll of magic mapping {unknown}
Potions
 g - a potion of might
 k - a potion of resistance
 l - a potion of lignification
 m - a potion of berserk rage
 n - a potion of ambrosia
 q - 2 potions of degeneration {unknown}
 r - 2 potions of brilliance {unknown}
 u - a potion of heal wounds {unknown}
Comestibles
 f - 5 rations


   Skills:
 + Level 5.3 Fighting
 * Level 6.8 Long Blades
 - Level 2.2 Throwing
 + Level 4.0 Armour
 - Level 3.0 Dodging


You had 7 spell levels left.
You didn't know any spells.
Your spell library contained the following spells:

 Spells                   Type           Power        Failure   Level  Hunger
 Magic Dart               Conj           #...         71%         1    ##.....
 Searing Ray              Conj           #.....       85%         2    ###....
 Dazzling Flash           Conj/Hex       #.....       97%         3    ####...
 Fulminant Prism          Conj/Hex       #.........   100%        4    #####..
 Iskenderun's Mystic Bla  Conj/Tloc      #.......     100%        4    #####..


Dungeon Overview and Level Annotations

Branches:
Dungeon (5/15)              Sewer (visited)
 Temple: D:4-7

Altars:
Fedhas
Zin

Annotations:
D:2 exclusion: oklob plant
D:5 Edmund


Innate Abilities, Weirdness & Mutations

You have sharp toenails.
You are mostly covered in thin metallic scales. (AC +3)
A weak demonic guardian rushes to your aid.
You regenerate a little health from kills.


Message History

You slash the slime creature! You claw the slime creature.
The slime creature is severely wounded.
The slime creature hits you but does no damage.
Your shadow imp hits the slime creature.
You slash the slime creature!
You claw the slime creature, but do no damage.
The slime creature is almost dead.
The slime creature hits you!
Your shadow imp hits the slime creature.
You are too injured to fight recklessly!
You hit the slime creature.
The slime creature is almost dead.
The slime creature hits you!
* * * LOW HITPOINT WARNING * * *
Your shadow imp hits the slime creature but does no damage.
Your shadow imp barely misses the slime creature.
You hit the plant.
The plant is lightly damaged.
The slime creature hits you!
You die...

#.................#........#
##.#.#####.#.#.....#.#<###.##
...#.#...........#.#.#.###.#
.........................>.#
#..#.#.#.........##..#.##..#
#..#.#.#.............#.##..#
#....#...........55..#.##..#
.....#..#####....J#..#.##..#
................@.#..#.##..######
.....P.....####P(.#..#.#.........
.....####..#..#...#....#...####.#
#....#..#..#..#...(#...#...##....
#....#..'..##'#....#...#...##.#.#
#....####..#..#........#...#.....
#..........'..#P.#..#..#...####.#
#..........#####..[)#..#...# #.#
#....####...#..#..#.)..##.## #.#


You could see a slime creature, a friendly iron imp and a friendly shadow imp.

Vanquished Creatures
  Purgy (Sewer)
  An ice beast (D:5)
  A centaur (D:5)
  2 ogres
  A big kobold (D:5)
  A crimson imp (D:5)
  3 howler monkeys
  A jelly (D:5)
  An orc wizard (D:4)
  An iguana (D:5)
  A killer bee zombie (D:5)
  3 gnolls (D:3)
  10 adders
  2 oozes
  4 worms
  6 leopard geckos
  16 orcs
  6 giant cockroaches
  6 hobgoblins
  A jackal (D:5)
  2 quokkas
  A ball python (D:1)
  2 bats
  5 frilled lizards
  5 goblins
  A jackal skeleton (D:5)
  10 kobolds
  8 rats
102 creatures vanquished.

Vanquished Creatures (collateral kills)
  An orc warrior (D:5)
  A sky beast (D:5)
  An ogre (D:4)
  A big kobold (D:5)
  A scorpion (D:4)
  A hound (D:4)
  A leopard gecko (D:4)
  An orc (D:4)
  2 jackals (D:5)
  2 kobolds (D:5)
12 creatures vanquished.

Vanquished Creatures (others)
  2 fungi (D:5)
  21 toadstools
23 creatures vanquished.

Grand Total: 137 creatures vanquished

Notes
Turn   | Place    | Note
-------+----------+-------------------------------------------
     0 | D:1      | BritishOli the Demonspawn Gladiator began the quest for the
                  | Orb.
     0 | D:1      | Reached XP level 1. HP: 16/16 MP: 1/1
   457 | D:1      | Gained mutation: You have sharp toenails. [demonic
                  | ancestry]
   457 | D:1      | Reached XP level 2. HP: 22/22 MP: 2/2
   701 | D:2      | Found a blossoming altar of Fedhas.
   714 | D:2      | Noticed an oklob plant
   994 | D:2      | Reached skill level 3 in Long Blades
   994 | D:2      | Gained mutation: You regenerate a little health from kills.
                  | [demonic ancestry]
   994 | D:2      | Reached XP level 3. HP: 10/28 MP: 3/3
  1953 | D:3      | Reached XP level 4. HP: 25/34 MP: 4/4
  2055 | D:3      | Reached skill level 1 in Armour
  2191 | D:3      | Found a glowing drain.
  2208 | Sewer    | Entered a sewer
  2211 | Sewer    | Noticed Purgy
  2351 | Sewer    | Killed Purgy
  2351 | Sewer    | Reached skill level 4 in Long Blades
  2351 | Sewer    | Gained mutation: You are partially covered in thin metallic
                  | scales. (AC +2) [demonic ancestry]
  2351 | Sewer    | Reached XP level 5. HP: 26/41 MP: 5/5
  2711 | D:3      | Gained mutation: A weak demonic guardian rushes to your
                  | aid. [demonic ancestry]
  2711 | D:3      | Reached XP level 6. HP: 47/47 MP: 6/6
  3412 | D:4      | Reached skill level 5 in Long Blades
  3893 | D:5      | Entered Level 5 of the Dungeon
  3893 | D:5      | Noticed Edmund
  3940 | D:5      | Gained mutation: You are mostly covered in thin metallic
                  | scales. (AC +3) [demonic ancestry]
  3940 | D:5      | Reached XP level 7. HP: 53/54 MP: 7/7
  4166 | D:5      | Reached skill level 6 in Long Blades
  4720 | D:5      | Found a glowing silver altar of Zin.
  4728 | D:5      | Reached skill level 5 in Fighting
  4728 | D:5      | Reached XP level 8. HP: 52/62 MP: 8/8
  4865 | D:5      | Noticed a slime creature
  4865 | D:5      | Noticed a slime creature
  5095 | D:4      | Slain by a slime creature

Levels and vault maps discovered:
D:1:      dpeg_arrival_pond, layout_loops_ring
D:2:      layout_loops_ring, tgw_fedhas, first_ration
D:3:      layout_basic, cheibrodos_sewer_entry_bend
D:4:      corexii_shack_village, layout_basic
D:5:      cheibrodos_fertilizer, layout_basic, kennysheep_mini,
          eino_tiny_chamber, minivault_27, minmay_quadrilaterals, uniq_edmund

Skill      XL: |  1  2  3  4  5  6  7  8 |
---------------+-------------------------+-----
Throwing       | 2 |  2.2
Dodging        | 3 |  3.0
Long Blades    | 3 4 5 6 |  6.8
Armour         | 1 2 3 4 |  4.0
Fighting       | 3 4 5 |  5.3

Action                   |  1- 3 |  4- 6 |  7- 9 || total
-------------------------+-------+-------+-------++-------
Melee: Long sword        |    84 |   140 |   104 ||   328
       Kick              |    14 |    52 |    47 ||   113
  Use: Scroll            |       |     6 |       ||     6
 Stab: Sleeping          |     1 |     2 |       ||     3
  Eat: Chunk             |     3 |     3 |     1 ||     7
       Ration            |       |     1 |     1 ||     2
Armor: Leather armour    |    24 |    47 |    11 ||    82
       Scale mail        |       |       |    55 ||    55
Dodge: Dodged            |    74 |   123 |    79 ||   276
       Rpst.: Long sword |    21 |    40 |    18 ||    79

Table legend:
 A = Non-vault XP
 B = Vault XP
 C = Vault XP percentage of total XP
 D = Non-vault monster count
 E = Vault monster count
 F = Vault count percentage of total count
                 A         B        C        D         E       F
            +---------+---------+-------+---------+---------+-------
      Total |    1340 |     412 |  23.5 |      92 |      22 |  19.3
            +---------+---------+-------+---------+---------+-------
        D:1 |      20 |       0 |   0.0 |      13 |       0 |   0.0
        D:2 |      49 |       0 |   0.0 |      12 |       0 |   0.0
        D:3 |     182 |      12 |   6.2 |      26 |       3 |  10.3
        D:4 |     358 |      11 |   3.0 |      21 |       5 |  19.2
        D:5 |     731 |     212 |  22.5 |      20 |       8 |  28.6
      Sewer |       0 |     177 | 100.0 |       0 |       6 | 100.0
            +---------+---------+-------+---------+---------+-------
